 Dungeon Crawl Stone Soup version 0.28-a0-628-g3c9886e45e (webtiles) character file.

Game seed: 9466356751628295813

268 Dittersdorf the Covered (level 6, -2/39 HPs)
             Began as a Gargoyle Fighter on Oct 8, 2021.
             Slain by a wight (15 damage)
             ... on level 3 of the Dungeon.
             The game lasted 00:03:19 (3415 turns).

Dittersdorf the Covered (Gargoyle Fighter)          Turns: 3415, Time: 00:03:19

Health: -2/39      AC: 12    Str: 21    XL:     6   Next: 21%
Magic:  6/6        EV:  7    Int:  9    God:
Gold:   104        SH:  8    Dex:  9    Spells: 5/5 levels left

rFire   . . .      SeeInvis .   a - +0 flail
rCold   . . .      Faith    .   m - +0 kite shield
rNeg    + . .      Spirit   .   b - +0 scale mail
rPois   ∞          Reflect  .   (no helmet)
rElec   +          Harm     .   (no cloak)
rCorr   .          Rampage  .   i - +0 pair of gloves
Will    +....                   (no boots)
Stlth   ..........              e - amulet of magic regeneration
HPRegen 0.13/turn               k - ring of willpower
MPRegen 0.35/turn               (no ring)

@: no status effects
A: sickness immunity, AC +4, negative energy resistance 1, electricity
resistance, torment resistance 1, petrification resistance
a: no special abilities


You were on level 3 of the Dungeon.
You visited 1 branch of the dungeon, and saw 4 of its levels.

You collected 104 gold pieces.

Inventory:

Hand Weapons
 a - a +0 flail (weapon)
Armour
 b - a +0 scale mail (worn)
 i - a +0 pair of gloves (worn)
 m - a +0 kite shield (worn)
Jewellery
 e - an amulet of magic regeneration (around neck)
 k - a ring of willpower (left hand)
Scrolls
 f - a scroll of identify {unknown}
 g - a scroll of enchant weapon {unknown}
Potions
 d - a potion of might
 h - a potion of haste {unknown}
 j - a potion of curing {unknown}
 l - a potion of attraction {unknown}


   Skills:
 + Level 4.7 Fighting
 + Level 3.6 Maces & Flails
 + Level 4.8 Armour
 + Level 4.2 Shields


You had 5 spell levels left.
You didn't know any spells.
Your spell library contained the following spells:

 Spells                   Type           Power      Damage    Failure   Level
 Inner Flame              Hex/Fire       0%         N/A       100%        3
 Cause Fear               Hex            0%         N/A       100%        4
 Discord                  Hex            0%         N/A       100%        8


Dungeon Overview and Level Annotations

Branches:
Dungeon (4/15)
 Temple: D:4-7

Altars:
Ashenzari
Cheibriados
Elyvilon
Ru
Vehumet

Shops:
D:2 !

Annotations:
D:4 Dowan, Duvessa


Innate Abilities, Weirdness & Mutations

You are immune to sickness and miasma.
Your stone body is resilient. (AC +4)
You are immune to poison.
You resist negative energy. (rN+)
You are resistant to electric shocks. (rElec)
You are resistant to unholy torment.
You are immune to petrification.


Message History

The scorpion stings you but does no damage. x2
You closely miss the scorpion.
The scorpion is almost dead.
The scorpion stings you.
You sock the scorpion!
You kill the scorpion!
You have reached level 6!
Your experience leads to an increase in your attributes!
Increase (S)trength, (I)ntelligence, or (D)exterity?
You feel stronger.
Items here: )) ÷÷ ††.
There is a stone staircase leading down here.
You start resting.
HP restored.
You climb downwards.
Level annotation: Dowan, Duvessa You block the goblin's attack.
A kobold comes into view. It is wielding a +0 club.
You block Duvessa's attack. The wight completely misses you.
You block the worm's attack. The goblin hits you but does no damage.
There is a stone staircase leading up here.
The kobold shouts!
Duvessa hits you with a +0 short sword.
Dowan mumbles some strange words.
Dowan blinks!
You block the wight's attack. The worm bites you but does no damage.
You block the goblin's attack.
You climb upwards.
There is a stone staircase leading down here.
The wight completely misses you.
You see here 23 stones.
You block the wight's attack. You block the worm's attack.
Items here: )) ÷÷ ††.
You hit the wight but do no damage.
The wight hits you with a +5 battleaxe! x2
You hit the wight.
The wight is moderately damaged.
The wight hits you with a +5 battleaxe!
You hit the wight but do no damage.
The wight is moderately damaged.
The wight hits you with a +5 battleaxe!
You die...

##...## ##.....## #...<...#
#.......# #.....|.#
##.....## ##.....##
#...[...###########
#.....>.gwz@......###
#....).(#########...########
##.....## ###.........
##)..## ########## ##..#
#.##### #.....# #.....#
##.....# ##### ###


You could see a worm, a wight and a goblin.

Vanquished Creatures
  An ogre (D:3)
  A scorpion (D:3)
  5 adders
  3 worms
  A dart slug (D:2)
  10 orcs
  6 ball pythons
  5 bats
  3 endoplasms
  2 giant cockroaches
  8 hobgoblins
  2 quokkas (D:1)
  2 frilled lizards (D:3)
  3 goblins
  2 kobolds (D:2)
  5 rats
59 creatures vanquished.

Notes
Turn   | Place    | Note
-------+----------+-------------------------------------------
     0 | D:1      | Dittersdorf the Gargoyle Fighter began the quest for the
                  | Orb.
     0 | D:1      | Reached XP level 1. HP: 14/14 MP: 1/1
   164 | D:1      | Reached XP level 2. HP: 19/19 MP: 2/2
   593 | D:2      | Found a faded altar of an unknown god.
   782 | D:2      | Reached XP level 3. HP: 18/23 MP: 3/3
  1418 | D:2      | Found Oxaraoluaha's Distillery.
  2294 | D:3      | Reached XP level 4. HP: 28/29 MP: 4/4
  2303 | D:3      | Found a broken altar of Ashenzari.
  2582 | D:3      | Found a snail-covered altar of Cheibriados.
  2627 | D:3      | Found a sacrificial altar of Ru.
  2741 | D:3      | Found a white marble altar of Elyvilon.
  2776 | D:3      | Found a radiant altar of Vehumet.
  2876 | D:3      | Noticed an ogre
  2883 | D:3      | Killed an ogre
  2884 | D:3      | Reached XP level 5. HP: 34/34 MP: 5/5
  2963 | D:4      | Noticed Duvessa
  2963 | D:4      | Noticed Dowan
  3286 | D:3      | Reached XP level 6. HP: 23/39 MP: 6/6
  3415 | D:3      | Slain by a wight

Illustrated notes

Levels and vault maps discovered:
D:1:      mrwooster_arrival_statue_2, layout_basic, serial_glass,
          glass_columns_a, glass_columns_a
D:2:      layout_rooms, chequers_ecumenical_altar_island, serial_shops,
          nicolae_shop_crystal
D:3:      layout_rooms, mainiacjoe_overflow_chevrons,
          nicolae_ru_sacrificial_ziggurat, cheibriados_altar_1,
          ashenzari_altar_1, lemuel_coloured_pillars_altar, corner_web_ring
D:4:      cheibrodos_pilgrimage, layout_rooms, xom_confusion_cloud,
          serial_shops, shop, uniq_duvessa

Skill      XL: |  1  2  3  4 |
---------------+-------------+-----
Armour         | 4 |  4.8
Fighting       | 4 |  4.7
Shields        | 4 |  4.2
Maces & Flails | 3 |  3.6

Action                   |  1- 3 |  4- 6 || total
-------------------------+-------+-------++-------
Melee: Flail             |   155 |    90 ||   245
Armor: Scale mail        |    85 |    58 ||   143
Dodge: Dodged            |    79 |    51 ||   130
Block: Buckler           |    38 |     8 ||    46
       Kite shield       |       |    27 ||    27

Table legend: (Time is in decaauts)
 A = Elapsed time spent in this place.
 B = Non-inter-level travel time spent in this place.
 C = Inter-level travel time spent in this place.
 D = Time resting spent in this place.
 E = Time spent auto-exploring this place.
 F = Levels seen in this place.
 G = Mean time per level.
                   A        B        C        D        E       F      G
               +--------+--------+--------+--------+--------+-----+--------+
         Total |   3499 |   3400 |     99 |   1171 |   1632 |   4 |  874.8 |
       Dungeon |   3499 |   3400 |     99 |   1171 |   1632 |   4 |  874.8 |
               +--------+--------+--------+--------+--------+-----+--------+

Top non-repeatable levels by time:
     D:2: 1574 daAuts
     D:3: 1359 daAuts
     D:1: 551 daAuts
     D:4: 14 daAuts
